 Dungeon Crawl Stone Soup version 0.23-a0-386-g9c9d49f (webtiles) character file.

1730 Cryolive the Digger (level 9, -2/52 HPs)
             Began as a Gargoyle Earth Elementalist on Oct 28, 2018.
             Was a Follower of Vehumet.
             Slain by a skeletal warrior
             ... wielding a +2 long sword of protection
              (12 damage)
             ... on level 7 of the Dungeon.
             The game lasted 00:20:28 (6863 turns).

Cryolive the Digger (Gargoyle Earth Elementalist)   Turns: 6863, Time: 00:20:29

Health: -2/52      AC: 14    Str: 13    XL:     9   Next: 5%
Magic:  0/16       EV: 13    Int: 27    God:    Vehumet [*.....]
Gold:   589        SH:  0    Dex: 10    Spells: 9/18 levels left

rFire    . . .     SeeInvis .   J - +0 dire flail
rCold    . . .     Gourm    .   (shield currently unavailable)
rNeg     + . .     Faith    .   c - +0 robe
rPois    ∞         Spirit   .   I - +1 helmet {Int+3}
rElec    +         Reflect  .   t - +0 cloak
rCorr    .         Harm     .   a - +0 pair of gloves
MR       .....                  r - +0 pair of boots
Stlth    ++........             k - amulet of regeneration
HPRegen  0.57/turn              L - +6 ring of intelligence
MPRegen  0.15/turn              (no ring)

@: no status effects
A: negative energy resistance 1, electricity resistance, unbreathing,
petrification resistance, rot immunity, AC +6
a: Renounce Religion


You were on level 7 of the Dungeon.
You worshipped Vehumet.
Vehumet was aware of your devotion.
You were not hungry.

You visited 2 branches of the dungeon, and saw 9 of its levels.
You also visited: Ossuary.

You collected 589 gold pieces.

Inventory:

Hand Weapons
 J - a +0 dire flail (weapon)
Missiles
 b - 259 stones (quivered)
Armour
 a - a +0 pair of gloves (worn)
 c - a +0 robe (worn)
 r - a +0 pair of boots (worn)
 t - a +0 cloak (worn)
 F - a +0 shield
 I - a +1 helmet of intelligence (worn)
Jewellery
 k - an amulet of regeneration (around neck)
 o - an uncursed ring of protection from cold
 L - a +6 ring of intelligence (left hand)
Wands
 p - a wand of random effects (27)
 H - a wand of acid (7)
Scrolls
 e - 5 scrolls of teleportation
 f - a scroll of immolation {unknown}
 j - a scroll of holy word {unknown}
 n - 3 scrolls of remove curse
 s - 2 scrolls of magic mapping {unknown}
 v - a scroll of enchant armour {unknown}
 y - a scroll of blinking {unknown}
 A - 2 scrolls of brand weapon {unknown}
 B - a scroll of amnesia {unknown}
 C - 2 scrolls of identify
 D - 3 scrolls of random uselessness {unknown}
 E - a scroll of fear {unknown}
Potions
 g - 6 potions of agility
 h - a potion of cancellation {unknown}
 i - 3 potions of flight
 l - 6 potions of curing
 m - 5 potions of haste
 q - 5 potions of heal wounds
 u - a potion of magic {unknown}
 w - 3 potions of mutation
 x - a potion of might {unknown}
 z - a potion of resistance {unknown}
 K - a potion of brilliance {unknown}
Comestibles
 d - 9 rations


   Skills:
 + Level 3.7 Fighting
 + Level 3.9 Armour
 + Level 3.4 Dodging
 - Level 2.1 Stealth
 + Level 3.0 Shields
 + Level 5.0 Spellcasting
 + Level 4.9 Conjurations
   Level 0.7 Transmutations
 + Level 7.1 Earth Magic
 + Level 0.0 Evocations


You had 9 spell levels left.
You knew the following spells:

 Your Spells              Type           Power        Failure   Level  Hunger
a - Sandblast             Erth           #####.       1%          1    None
b - Stone Arrow           Conj/Erth      #####.       1%          3    #......
c - Lee's Rapid Deconstr  Erth           #####.....   11%         5    #####..

Your spell library contained the following spells:

 Spells                   Type           Power        Failure   Level  Hunger
 Shock                    Conj/Air       ###.         2%          1    None
 Passwall                 Tmut/Erth      ####....     2%          2    None
 Petrify                  Tmut/Erth      ####....     14%         4    ###....


Dungeon Overview and Level Annotations

Branches:
Dungeon (8/15)             Temple (1/1) D:4
   Lair: D:8-11

Altars:
Ashenzari
Cheibriados
Elyvilon
Fedhas
Gozag
Hepliaklqana
Kikubaaqudgha
Makhleb
Nemelex Xobeh
Okawaru
Qazlal
Ru
Sif Muna
Trog
Uskayaw
Vehumet
Xom
Yredelemnul
Zin
The Shining One


Innate Abilities, Weirdness & Mutations

You are resistant to torment.
Your stone body is resilient. (AC +6)
You are immune to poison.
You resist negative energy. (rN+)
You are resistant to electric shocks. (rElec)
You can survive without breathing.
You are immune to petrification.
You are immune to rotting.


Message History

The skeletal warrior hits you but does no damage.
Casting: Stone Arrow (safe; 1% risk of failure)
Confirm with . or Enter, or press ? or * to list all spells.
Aiming: Stone Arrow (safe; 1% risk of failure)
Press: ? - help, Shift-Dir - straight line, f/p - skeletal warrior
Aim: a skeletal warrior, wielding a +2 long sword of protection (heavily The stone arrow misses the skeletal warrior.
Casting: Stone Arrow (safe; 1% risk of failure)
Confirm with . or Enter, or press ? or * to list all spells.
You don't know that spell.
Casting: Stone Arrow (safe; 1% risk of failure)
Confirm with . or Enter, or press ? or * to list all spells.
Aiming: Stone Arrow (safe; 1% risk of failure)
Press: ? - help, Shift-Dir - straight line, f/p - skeletal warrior
Aim: a skeletal warrior, wielding a +2 long sword of protection (heavily The stone arrow misses the skeletal warrior.
The skeletal warrior hits you with a +2 long sword of protection!
* * * LOW HITPOINT WARNING * * *
The skeletal warrior hits you with a +2 long sword of protection!
You die...

#....#.##.#.#......#
#.........#........#
#.#.##.########.####
#... ..# #.# # ###.
### #.# # ### ###
##+## # ####).#..#
##...## # #<.#
#.##.# ##.....## #
#..###@z.#
##.[.....###
.######..##.##.#
#.........##
...........##
#.#+......>..'.
.######..##)#
.##.........##
#.##.##
###..<....###
#.####### ##.....##
# #.###.#.# ##...##
#.......# ##+##
#####.### #.#


You could see a skeletal warrior.

Vanquished Creatures
  A shadow (D:7)
  A black bear (D:7)
  A phantom (D:4)
  A sky beast (D:7)
  2 centaurs (D:7)
  A bullfrog (D:6)
  Blork the orc (D:5)
  2 scorpions
  2 crimson imps
  A centaur zombie (D:7)
  A hound (D:6)
  2 centaur skeletons
  A jelly (D:5)
  7 orc wizards
  Natasha (thrice) (D:3)
  6 worker ants
  8 mummies (Ossuary)
  11 adders
  2 oozes
  A worm (D:5)
  A dart slug (D:3)
  10 leopard geckos
  9 orcs
  2 ball pythons
  4 giant cockroaches
  A gnoll zombie (Ossuary)
  4 goblins
  9 hobgoblins
  8 jackals
  3 quokkas
  7 bats
  5 frilled lizards
  4 hobgoblin zombies (Ossuary)
  10 kobolds
  A kobold zombie (Ossuary)
  A leopard gecko skeleton (D:4)
  2 orc zombies (Ossuary)
  5 rats
141 creatures vanquished.

Notes
Turn   | Place    | Note
-------+----------+-------------------------------------------
     0 | D:1      | Cryolive the Gargoyle Earth Elementalist began the quest
                  | for the Orb.
     0 | D:1      | Reached XP level 1. HP: 10/10 MP: 3/3
     3 | D:1      | Noticed an electric eel
     3 | D:1      | Noticed an electric eel
    85 | D:1      | Reached XP level 2. HP: 5/15 MP: 0/5
    91 | D:1      | Reached skill level 4 in Earth Magic
   663 | D:1      | Reached XP level 3. HP: 17/19 MP: 6/6
   668 | D:1      | Learned a level 3 spell: Stone Arrow
  1346 | D:2      | Found a glowing silver altar of Zin.
  1408 | D:2      | Reached skill level 1 in Conjurations
  1470 | D:2      | Reached XP level 4. HP: 24/24 MP: 8/8
  1828 | D:2      | Reached skill level 5 in Earth Magic
  1863 | D:2      | Reached XP level 5. HP: 24/28 MP: 9/9
  2077 | D:3      | Noticed Natasha
  2113 | D:3      | Killed Natasha
  2469 | D:3      | Noticed Natasha
  2471 | D:3      | Killed Natasha
  2492 | D:3      | Found an opulent altar of Gozag.
  2512 | D:3      | Noticed Natasha
  2516 | D:3      | Killed Natasha
  2528 | D:3      | Learned a level 5 spell: Lee's Rapid Deconstruction
  2901 | D:3      | Reached XP level 6. HP: 31/32 MP: 1/11
  3134 | D:4      | Found a sand-covered staircase.
  3142 | Ossuary  | Entered an ossuary
  3241 | Ossuary  | Reached skill level 1 in Armour
  3251 | Ossuary  | Reached skill level 1 in Fighting
  3788 | D:4      | Found a staircase to the Ecumenical Temple.
  3795 | D:4      | Reached XP level 7. HP: 38/38 MP: 12/12
  3800 | D:4      | Found an ancient bone altar of Kikubaaqudgha.
  3877 | D:4      | Reached skill level 6 in Earth Magic
  4414 | Temple   | Entered the Ecumenical Temple
  4467 | Temple   | Became a worshipper of Vehumet
  4571 | D:5      | Entered Level 5 of the Dungeon
  4587 | D:5      | You fall through a shaft for 3 floors!
  4717 | D:7      | Found a bloodstained altar of Trog.
  4720 | D:7      | Found a basalt altar of Yredelemnul.
  4720 | D:7      | Found a snail-covered altar of Cheibriados.
  4993 | D:5      | Noticed Blork the orc
  5000 | D:5      | Killed Blork the orc
  5000 | D:5      | Reached skill level 1 in Shields
  5000 | D:5      | Reached XP level 8. HP: 40/45 MP: 1/14
  6664 | D:7      | Reached * piety under Vehumet
  6664 | D:7      | Offered knowledge of Shock by Vehumet.
  6824 | D:7      | Reached skill level 7 in Earth Magic
  6831 | D:7      | Noticed a shadow
  6851 | D:7      | Killed a shadow
  6851 | D:7      | Reached skill level 5 in Spellcasting
  6851 | D:7      | Reached XP level 9. HP: 52/52 MP: 13/16
  6852 | D:7      | Noticed a skeletal warrior
  6863 | D:7      | Slain by a skeletal warrior

Vault maps used:
D:1:      arrival_aquarium_b
D:2:      zin_statuary, minmay_randomly_rotated_circles
D:3:      grunt_gozag_statues, first_ration, uniq_natasha
D:4:      kiku_gazebo_pond_becter, minmay_temple_entry_butterflies,
          lightli_ossuary_entry_decrepit_ruins, serial_corexii_hall,
          corexii_hall_statues_x, corexii_hall_statues_x
D:5:      uniq_blork_the_orc
D:7:      minmay_cornered_nines, grunt_temple_overflow_diamond,
          nicolae_overflow_crystal_walls
D:8:      nicolae_dithmenos_shadow_blocks, serial_curves, eino_curves_04,
          eino_curves_03, david_nohive_1, uniq_harold
Temple:   zaba_magenta_temple
Ossuary:  ossuary_tomb_3

Skill      XL: |  1  2  3  4  5  6  7  8 |
---------------+-------------------------+-----
Earth Magic    | 4 5 6 7 |  7.1
Conjurations   | 1 2 3 4 |  4.9
Spellcasting   | 3 4 5 |  5.0
Armour         | 1 2 3 |  3.9
Fighting       | 1 2 3 |  3.7
Dodging        | 2 3 |  3.4
Shields        | 1 3 |  3.0
Stealth        | |  2.1
Transmutations | |  0.7

Action                   |  1- 3 |  4- 6 |  7- 9 || total
-------------------------+-------+-------+-------++-------
Melee: Unarmed           |     5 |       |       ||     5
       Dagger            |   127 |   248 |    90 ||   465
       Dire flail        |       |       |   304 ||   304
 Cast: Sandblast         |    17 |     6 |     2 ||    25
       Stone Arrow       |       |    12 |    18 ||    30
  Use: Scroll            |       |     4 |     3 ||     7
 Stab: Sleeping          |     2 |     1 |     4 ||     7
  Eat: Chunk             |     2 |     6 |    10 ||    18
       Ration            |       |     1 |     1 ||     2
Armor: Robe              |    52 |   101 |   220 ||   373
Dodge: Dodged            |    84 |   202 |   320 ||   606

Table legend:
 A = Non-vault XP
 B = Vault XP
 C = Vault XP percentage of total XP
 D = Non-vault monster count
 E = Vault monster count
 F = Vault count percentage of total count
                 A         B        C        D         E       F
            +---------+---------+-------+---------+---------+-------
      Total |    1839 |     633 |  25.6 |     115 |      26 |  18.4
            +---------+---------+-------+---------+---------+-------
        D:1 |      47 |       0 |   0.0 |      24 |       0 |   0.0
        D:2 |      99 |      20 |  16.8 |      21 |       6 |  22.2
        D:3 |     201 |      35 |  14.8 |      20 |       1 |   4.8
        D:4 |     308 |       0 |   0.0 |      13 |       0 |   0.0
        D:5 |     332 |      91 |  21.5 |      16 |       1 |   5.9
        D:6 |     266 |       0 |   0.0 |       6 |       0 |   0.0
        D:7 |     545 |     331 |  37.8 |      14 |       2 |  12.5
        D:8 |      41 |       0 |   0.0 |       1 |       0 |   0.0
    Ossuary |       0 |     156 | 100.0 |       0 |      16 | 100.0
            +---------+---------+-------+---------+---------+-------
